 Dungeon Crawl Stone Soup version 0.31-a0-536-ga3e2962e35 (webtiles) character file.

Game seed: 15009435995964649463

107 AIAndy the Ruffian (level 4, -7/28 HPs)
             Began as an Octopode Shapeshifter on Aug 13, 2023.
             Mangled by Ijyb
             ... wielding a +3 dagger of venom
              (9 damage)
             ... on level 3 of the Dungeon.
             The game lasted 00:05:43 (2138 turns).

AIAndy the Ruffian (Octopode Shapeshifter)          Turns: 2138, Time: 00:05:45

Health: -7/28      AC:  1    Str: 13 (16) XL:     4   Next: 85%
Magic:  4/4        EV: 13    Int: 19 (22) God:
Gold:   157        SH:  0    Dex: 10 (12) Spells: 3/3 levels left

rFire   . .          .
                       - Unarmed
rCold   . . .        (no shield)
rNeg    . . .        (helmet currently unavailable)
rPois   .            (no amulet)
rElec   .            I - +6 ring of intelligence
rCorr   .            i - +6 ring of intelligence
SInv    .            L - ring of flight
Will    .....        (no ring)
Stlth   ++           (no ring)
HPRegen 0.24/turn    (no ring)
MPRegen 0.09/turn    (no ring)
                     (no ring)

%: no passive effects
@: lethally poisoned (-7 -> -21), beast-form, flying, hasted, very quick
A: beast (slay +2), almost no armour, amphibious, 8 rings, camouflage 1,
gelatinous body 1, (nimble swimmer 1), tentacles
a: Begin Untransformation


You were on level 3 of the Dungeon.
You were a hulking beast.
You visited 1 branch of the dungeon, and saw 3 of its levels.

You collected 157 gold pieces.


Innate Abilities, Weirdness & Mutations

You are a hulking beast.
Your limbs bulge with bestial killing power. (Slay +2)
You cannot wear most types of armour.
You are amphibious.
You can wear up to eight rings at the same time.
Your skin changes colour to match your surroundings (Stealth+).
Your rubbery body absorbs attacks. (AC +1, EV +1)
((You are camouflaged when in or above water. (Stealth+)))
You have tentacles for arms and can constrict up to eight enemies at once.


   Skills:
 - Level 1.0 Fighting
 - Level 2.0 Dodging
 + Level 4.3 Unarmed Combat
 + Level 4.0 Shapeshifting


You had 3 spell levels left.
You didn't know any spells.
Your spell library contained the following spells:

 Spells                   Type           Power      Damage    Failure   Level
 Shock                    Conj/Air       0%         1d3       21%         1
 Cigotuvi's Dreadful Rot  Necr/Pois/Air  0%         N/A       30%         2
 Ignite Poison            Fire/Tmut/Pois 0%         N/A       52%         3
 Swiftness                Air            0%         N/A       52%         3
 Airstrike                Air            0%         2d(0-16)  90%         4
 Freezing Cloud           Conj/Ice/Air   0%         6-21      99%         5

Inventory:

Missiles
 d - 15 poisoned darts
 q - 2 boomerangs
Jewellery
 i - a +6 ring of intelligence (right tentacle)
 I - a +6 ring of intelligence (left tentacle)
 L - a ring of flight (on tentacle)
Talismans
 b - a beast talisman (active)
 c - a flux talisman
Scrolls
 e - 2 scrolls of blinking {unknown}
 f - a scroll of brand weapon {unknown}
 h - 2 scrolls of enchant weapon {unknown}
 j - a scroll of fear {unknown}
 n - 3 scrolls of teleportation {unknown}
 r - a scroll of noise {unknown}
 s - 2 scrolls of identify {unknown}
Potions
 a - a potion of lignification {!q}
 g - a potion of might {unknown}
 k - a potion of haste {@q3}
 l - a potion of magic {unknown}
 m - a potion of invisibility {unknown}
 o - a potion of degeneration {!q}
 p - a potion of heal wounds {unknown}
 t - a potion of mutation {unknown}

Dungeon Overview and Level Annotations

Branches:
Dungeon (3/15)

Altars:

Shops:
D:3 (

Annotations:
D:3 Ijyb

## .. ###.#########
#...gh......### ###
#.#.###.....#.######..
# #..............# ...
#.........##.### #.#
#........###.### #.#
#######.## #..#8 #.#
#.# ##... #.# #.# ###8
#.# ##+## ##


You could see Ijyb.


Message History

Ijyb is lightly wounded.
You constrict Ijyb.
Ijyb hits you with a +3 dagger of venom.
You are poisoned.
You tentacle-slap Ijyb but do no damage.
You squeeze Ijyb, but do no damage.
Ijyb is lightly wounded.
You constrict Ijyb, but do no damage.
You feel very sick. Ijyb barely misses you.
You bludgeon Ijyb!
Ijyb is heavily wounded.
You constrict Ijyb, but do no damage.
You feel sick.
Ijyb hits you with a +3 dagger of venom!
* * * LOW HITPOINT WARNING * * *
You are lethally poisoned!
It was a potion of haste.
You feel yourself speed up.
You constrict Ijyb.
* * * LOW HITPOINT WARNING * * *
You feel very sick. Ijyb screams, "I cut your head off!"
Ijyb hits you with a +3 dagger of venom.
* * * LOW HITPOINT WARNING * * *
It was a potion of degeneration.
There was something very wrong with that liquid.
You feel weakened.
You feel dopey.
You feel clumsy.
You constrict Ijyb, but do no damage.
* * * LOW HITPOINT WARNING * * *
You feel sick.
Ijyb hits you with a +3 dagger of venom!
You die...

Skill      XL: |  1  2  3  4 |
---------------+-------------+-----
Unarmed Combat | 4 |  4.3
Shapeshifting  | 4 |  4.0
Fighting       | |  1.0
Dodging        | |  2.0

Action                     |  1- 3 |  4- 6 || total
---------------------------+-------+-------++-------
  Melee: Unarmed           |    80 |    42 ||   122
         Constrict         |    20 |    13 ||    33
         Tentacles         |    10 |     6 ||    16
         Punch             |       |     2 ||     2
    Use: Potion            |       |     2 ||     2
   Stab: Sleeping          |     9 |     1 ||    10
 Armour: Skin              |    10 |     3 ||    13
  Dodge: Dodged            |    48 |    21 ||    69

Levels and vault maps discovered:
D:1:      wheals_arrival_shading, layout_basic
D:2:      layout_basic
D:3:      layout_loops_corners, serial_shops, nicolae_shop_stone,
          minmay_misc_feat_diagonals, small_statue_intersection,
          serial_bayou_pond_d, uniq_robin, uniq_ijyb

Notes
Turn   | Place    | Note
-------+----------+-------------------------------------------
     0 | D:1      | AIAndy the Octopode Shapeshifter began the quest for the
                  | Orb.
     0 | D:1      | Reached XP level 1. HP: 13/13 MP: 1/1
   255 | D:1      | Reached XP level 2. HP: 18/18 MP: 2/2
   482 | D:1      | Reached XP level 3. HP: 11/23 MP: 3/3
  1474 | D:3      | Reached skill level 4 in Unarmed Combat
  1474 | D:3      | Reached XP level 4. HP: 26/28 MP: 4/4
  1575 | D:3      | Found Heotal's Antique Weapon Shop.
  1894 | D:3      | Noticed Robin
  1903 | D:3      | Killed Robin
  1911 | D:3      | Reached skill level 4 in Shapeshifting
  2128 | D:3      | Noticed Ijyb
  2138 | D:3      | HP: 2/28 [poisoned by Ijyb]
  2138 | D:3      | Mangled by Ijyb

Vanquished Creatures
  Robin (D:3)
  An adder (D:3)
  2 worms (D:2)
  4 orcs (D:3)
  5 endoplasms
  5 giant cockroaches
  17 goblins
  3 hobgoblins
  4 jackals (D:1)
  3 kobolds
  3 quokkas (D:2)
  2 ball pythons
  6 bats
  3 frilled lizards
  8 rats
67 creatures vanquished.

Table legend: (Time is in decaauts)
 A = Elapsed time spent in this place.
 B = Non-inter-level travel time spent in this place.
 C = Inter-level travel time spent in this place.
 D = Time resting spent in this place.
 E = Time spent auto-exploring this place.
 F = Levels seen in this place.
 G = Mean time per level.
                   A        B        C        D        E       F      G
               +--------+--------+--------+--------+--------+-----+--------+
         Total |   2127 |   2071 |     56 |      0 |   1631 |   3 |  709.0 |
       Dungeon |   2127 |   2071 |     56 |      0 |   1631 |   3 |  709.0 |
               +--------+--------+--------+--------+--------+-----+--------+

Top non-repeatable levels by time:
     D:1: 765 daAuts
     D:3: 739 daAuts
     D:2: 623 daAuts

Table legend:
 A = Non-vault XP
 B = Vault XP
 C = Vault XP percentage of total XP
 D = Non-vault monster count
 E = Vault monster count
 F = Vault count percentage of total count
                 A         B        C        D         E       F
            +---------+---------+-------+---------+---------+-------
      Total |     117 |      36 |  23.5 |      55 |      12 |  17.9
            +---------+---------+-------+---------+---------+-------
        D:1 |      41 |       0 |   0.0 |      23 |       0 |   0.0
        D:2 |      35 |       0 |   0.0 |      17 |       0 |   0.0
        D:3 |      41 |      36 |  46.8 |      15 |      12 |  44.4
            +---------+---------+-------+---------+---------+-------
